 Dungeon Crawl Stone Soup version 0.27-a0-1324-ge0d8e047f6 (webtiles) character file.

Game seed: 8305089156964821114

347 Delamore the Poker (level 6, -2/51 HPs)
             Began as a Formicid Fighter on June 23, 2021.
             Slain by a gnoll sergeant (10 damage)
             ... on level 3 of the Dungeon.
             The game lasted 00:02:19 (2913 turns).

Delamore the Poker (Formicid Fighter)               Turns: 2913, Time: 00:02:20

Health: -2/51      AC:  6    Str: 23    XL:     6   Next: 91%
Magic:  6/6        EV:  8    Int:  7    God:
Gold:   114        SH:  9    Dex: 10    Spells: 5/5 levels left

rFire    . . .     SeeInvis +   a - +1 trident (venom)
rCold    . . .     Faith    .   c - +0 kite shield
rNeg     . . .     Spirit   .   b - +0 scale mail
rPois    .         Reflect  .   (helmet unavailable)
rElec    .         Harm     .   (no cloak)
rCorr    .         Rampage  .   (no gloves)
Will     .....                  (no boots)
Stlth    ..........             (no amulet)
HPRegen  0.17/turn              (no ring)
MPRegen  0.10/turn              (no ring)

@: no status effects
A: permanent stasis, dig shafts and tunnels, antennae 3, four strong arms
a: Dig, Shaft Self


You were on level 3 of the Dungeon.
You visited 1 branch of the dungeon, and saw 3 of its levels.

You collected 114 gold pieces.

Inventory:

Hand Weapons
 a - a +1 trident of venom (weapon)
Missiles
 e - 8 atropa-tipped darts
 f - 17 poisoned darts (quivered)
Armour
 b - a +0 scale mail (worn)
 c - a +0 kite shield (worn)
Scrolls
 h - a scroll of fog
 i - a scroll of identify
Potions
 d - 2 potions of might


   Skills:
 - Level 5.0 Fighting
 * Level 5.8 Polearms
 - Level 3.2 Armour
 - Level 3.6 Shields


You had 5 spell levels left.
You didn't know any spells.
Your spell library contained the following spells:

 Spells                   Type           Power      Damage    Failure   Level
 Animate Skeleton         Necr           0%         N/A       98%         1
 Pain                     Necr           0%         1d4       98%         1
 Vampiric Draining        Necr           0%         2d6       100%        3
 Animate Dead             Necr           0%         N/A       100%        4
 Agony                    Necr           0%         N/A       100%        5


Dungeon Overview and Level Annotations

Branches:
Dungeon (3/15)

Altars:
Elyvilon
Okawaru
Vehumet

Annotations:
D:3 1 transporter


Innate Abilities, Weirdness & Mutations

You cannot be hasted, slowed, berserked, paralysed or teleported.
You can dig through walls and to a lower floor.
You have a pair of large antennae on your head. (SInv)
Your four strong arms can wield two-handed weapons with a shield.


Message History

The gnoll sergeant barely misses you. The gnoll sergeant closely misses you.
Reach: a) +1 trident (venom)
Press: ? - help, Dir - move target, f/p - gnoll sergeant
Aim: a gnoll sergeant, wielding a +2 spear of electrocution, wearing a +1 ring mail and wearing a +2 buckler (lightly wounded, very poisoned, about 32% to evade your +1 trident of venom)
You reach to attack!
The gnoll sergeant blocks your attack.
The gnoll sergeant is lightly wounded.
You block the gnoll sergeant's attack.
Reach: a) +1 trident (venom)
Press: ? - help, Dir - move target, f/p - gnoll sergeant
Aim: a gnoll sergeant, wielding a +2 spear of electrocution, wearing a +1 ring mail and wearing a +2 buckler (lightly wounded, poisoned, about 32% to evade your +1 trident of venom)
You reach to attack!
You hit the gnoll sergeant but do no damage.
The gnoll sergeant is lightly wounded.
The gnoll sergeant hits you from afar with a +2 spear of electrocution.
You are electrocuted!
* * * LOW HITPOINT WARNING * * *
Reach: a) +1 trident (venom)
Press: ? - help, Dir - move target, f/p - gnoll sergeant
Aim: a gnoll sergeant, wielding a +2 spear of electrocution, wearing a +1 ring mail and wearing a +2 buckler (lightly wounded, poisoned, about 32% to evade your +1 trident of venom)
You reach to attack!
You hit the gnoll sergeant.
The gnoll sergeant looks even sicker.
The gnoll sergeant is moderately wounded.
The gnoll sergeant hits you from afar with a +2 spear of electrocution!
* * * LOW HITPOINT WARNING * * *
You feel better. You block the gnoll sergeant's attack.
Reach: a) +1 trident (venom)
Press: ? - help, Dir - move target, f/p - gnoll sergeant
Aim: a gnoll sergeant, wielding a +2 spear of electrocution, wearing a +1 ring mail and wearing a +2 buckler (heavily wounded, very poisoned, about 32% to evade your +1 trident of venom)
You reach to attack!
You hit the gnoll sergeant but do no damage.
The gnoll sergeant looks as sick as possible!
The gnoll sergeant is heavily wounded.
You block the gnoll sergeant's attack.
The gnoll sergeant hits you from afar with a +2 spear of electrocution!
* * * LOW HITPOINT WARNING * * *
You feel better.
The gnoll sergeant hits you from afar with a +2 spear of electrocution.
* * * LOW HITPOINT WARNING * * *
You are electrocuted!
You die...

......##.#...≈≈..#.#8g8#.#......#
......##.#...≈≈.©#.'.©.'.#©.....#
......##.##..≈≈..#.#...#.#......#
.............≈≈.##.##.##g##.≈≈..#
##'####...#>.≈≈.#..#...#..#.≈≈..#
#.# #...#..≈≈.##)')..'.##.≈≈...
#.####...#..≈≈..#)#...#.#..≈≈.##
##.#......#..≈≈###)##(##.###≈≈.#
...#.##.#....≈≈#@.g((......#≈≈.##
.....##.####.≈≈#..###.###..#≈≈...
####.........≈≈#..#8###8#.g#≈≈.##
#....####.≈≈####.....####≈≈.##
#....# #.≈≈≈≈≈≈≈≈≈≈≈≈≈≈≈≈≈...
#....# ##.≈≈≈≈≈≈≈≈≈≈≈≈≈≈≈≈≈.##
#....# #....................#
###########...........#####..####
).........'...............#......


You could see a gnoll sergeant (extremely poisoned).

Vanquished Creatures
  Sigmund (D:2)
  A scorpion (D:3)
  A gnoll shaman (D:3)
  5 gnolls (D:3)
  2 adders (D:2)
  A dart slug (D:2)
  4 bats
  7 endoplasms
  4 giant cockroaches (D:1)
  4 goblins (D:1)
  2 hobgoblins
  2 jackals (D:2)
  3 quokkas
  3 ball pythons
  5 frilled lizards
  6 kobolds
  A rat (D:2)
52 creatures vanquished.

Vanquished Creatures (others)
  9 plants
9 creatures vanquished.

Grand Total: 61 creatures vanquished

Notes
Turn   | Place    | Note
-------+----------+-------------------------------------------
     0 | D:1      | Delamore the Formicid Fighter began the quest for the Orb.
     0 | D:1      | Reached XP level 1. HP: 18/18 MP: 1/1
   151 | D:1      | Reached XP level 2. HP: 19/24 MP: 2/2
   418 | D:1      | Found a faded altar of an unknown god.
   499 | D:1      | Reached XP level 3. HP: 29/29 MP: 3/3
   763 | D:2      | Noticed Sigmund
   775 | D:2      | Killed Sigmund
   776 | D:2      | Reached XP level 4. HP: 25/38 MP: 4/4
   776 | D:2      | Reached XP level 5. HP: 29/43 MP: 5/5
   921 | D:2      | Found an iron altar of Okawaru.
  1114 | D:2      | You fall into a shaft and drop 1 floor!
  1134 | D:3      | Reached skill level 5 in Polearms
  1134 | D:3      | Reached XP level 6. HP: 32/50 MP: 6/6
  2131 | D:2      | Reached skill level 5 in Fighting
  2425 | D:3      | Found a transporter.
  2472 | D:3      | Found a transporter.
  2586 | D:3      | Found a white marble altar of Elyvilon.
  2701 | D:3      | Found a radiant altar of Vehumet.
  2913 | D:3      | Slain by a gnoll sergeant

Illustrated notes

Levels and vault maps discovered:
D:1:      ncdulo_watergridlock, layout_rooms, chequers_ecumenical_altar_grove,
          serial_bayou_lake_a
D:2:      layout_loops_corners, basic_altar, grunt_decor_fettered, uniq_sigmund
D:3:      layout_basic, nicolae_overflow_crystal_walls, elyvilon_altar_1,
          gammafunk_ghost_gnarly_gnolls

Skill      XL: |  1  2  3  4  5  6 |
---------------+-------------------+-----
Polearms       | 4 5 |  5.8
Fighting       | 4 5 |  5.0
Armour         | |  3.2
Shields        | |  3.6

Action                   |  1- 3 |  4- 6 || total
-------------------------+-------+-------++-------
Melee: Trident           |    78 |    83 ||   161
Throw: Dart              |     1 |     5 ||     6
 Abil: Dig               |     1 |       ||     1
  Use: Scroll            |       |     7 ||     7
       Potion            |       |     2 ||     2
Armor: Scale mail        |    34 |    16 ||    50
Dodge: Dodged            |    15 |    16 ||    31
Block: Kite shield       |    32 |    37 ||    69

Table legend: (Time is in decaauts)
 A = Elapsed time spent in this place.
 B = Non-inter-level travel time spent in this place.
 C = Inter-level travel time spent in this place.
 D = Time resting spent in this place.
 E = Time spent auto-exploring this place.
 F = Levels seen in this place.
 G = Mean time per level.
                   A        B        C        D        E       F      G
               +--------+--------+--------+--------+--------+-----+--------+
         Total |   2996 |   2838 |    158 |    125 |   2334 |   3 |  998.7 |
       Dungeon |   2996 |   2838 |    158 |    125 |   2334 |   3 |  998.7 |
               +--------+--------+--------+--------+--------+-----+--------+

Top non-repeatable levels by time:
     D:2: 1255 daAuts
     D:3: 915 daAuts
     D:1: 824 daAuts
